 Dungeon Crawl Stone Soup version 0.26.1-11-gd32895ea62 (webtiles) character file.

Game seed: 3628471583507654199

371 jlumianski the Caller (level 6, -18/25 HPs)
             Began as a Felid Summoner on May 22, 2021.
             Was an Initiate of Dithmenos.
             Killed by an exploding a guardian golem (43 damage)
             ... exploding inner flame
             ... on level 7 of the Dungeon.
             The game lasted 00:41:40 (9384 turns).

jlumianski the Caller (Felid Summoner)              Turns: 9384, Time: 00:41:40

Health: -18/25     AC:  2    Str:  4    XL:     6   Next: 42%
Magic:  4/15       EV: 19    Int: 18    God:    Dithmenos [......]
Gold:   137        SH:  0    Dex: 17    Spells: 6/15 levels left
                                        Lives:  0   Deaths: 2

rFire    . . .     SeeInvis +     - Unarmed
rCold    . . .     Faith    .   (shield unavailable)
rNeg     . . .     Spirit   .   (armour unavailable)
rPois    .         Reflect  .   (helmet unavailable)
rElec    .         Harm     .   (cloak unavailable)
rCorr    .         Rampage  .   (gloves unavailable)
Will     .....                  (boots unavailable)
Stlth    +++.......             (no amulet)
HPRegen  0.08/turn              (no ring)
MPRegen  0.14/turn              (no ring)

@: marked, quick
A: very small, no armour, no weapons or thrown items, stealth, claws 1, fangs 3,
see invisible, speed 1, shaggy fur 2, sharp paws
a: Renounce Religion


You were on level 7 of the Dungeon.
You worshipped Dithmenos.
Dithmenos was noncommittal.
You visited 2 branches of the dungeon, and saw 8 of its levels.

You collected 324 gold pieces.
You spent 187 gold pieces at shops.

Inventory:

Jewellery
 i - a cursed ring of attention
Wands
 n - a wand of flame (24)
Scrolls
 b - 7 scrolls of identify
 e - 5 scrolls of remove curse
 f - 2 scrolls of teleportation
 h - 5 scrolls of enchant armour
 j - a scroll of fear
 l - a scroll of noise
 m - a scroll of blinking
 o - a scroll of fog {unknown}
Potions
 a - a potion of brilliance {unknown}
 c - 5 potions of might
 d - a potion of magic
 g - a potion of cancellation {unknown}
 k - a potion of heal wounds {unknown}
 p - a potion of mutation {unknown}
 q - a potion of flight {unknown}
 r - a potion of invisibility {unknown}
 t - 7 potions of curing


   Skills:
 + Level 0.5 Fighting
 + Level 3.7 Dodging
 + Level 3.7 Stealth
 + Level 1.3 Unarmed Combat
 + Level 5.4 Spellcasting
 + Level 6.8 Summonings


You had 6 spell levels left.
You knew the following spells:

 Your Spells              Type           Power        Failure   Level
a - Summon Small Mammal   Summ           100%         1%          1
b - Call Imp              Summ           29%          1%          2
c - Call Canine Familiar  Summ           29%          2%          3
d - Summon Guardian Gole  Hex/Summ       17%          10%         3

Your spell library contained the following spells:

 Spells                   Type           Power        Failure   Level
 Summon Ice Beast         Ice/Summ       17%          30%         4
 Summon Lightning Spire   Summ/Air       17%          30%         4


Dungeon Overview and Level Annotations

Branches:
Dungeon (7/15)             Temple (1/1) D:4

Altars:
Ashenzari
Cheibriados
Dithmenos
Elyvilon
Fedhas
Hepliaklqana
Kikubaaqudgha
Ru
Trog
Wu Jian
Xom
Zin
The Shining One

Shops:
D:5 !*   D:6 ?

Annotations:
D:4 Pikel
D:7 Harold


Innate Abilities, Weirdness & Mutations

You cannot wear armour.
You are incapable of wielding weapons or throwing items.
Your paws allow you to move quietly. (Stealth)
You have sharp claws.
You have razor-sharp teeth.
You have supernaturally acute eyesight. (SInv)
You cover ground quickly.
You are covered in thick fur. (AC +2)
Your sharp claws are effective at attacking unaware monsters.


Message History

Your hound bites Harold but does no damage.
Casting: Summon Small Mammal (safe; 1% risk of failure)
Confirm with . or Enter, or press ? or * to list all spells.
Your hound bites Harold but does no damage.
Your guardian golem is engulfed in blazing flames.
Flame seeps out of your guardian golem.
Harold hits your hound with a +2 dire flail of protection!
Flame seeps out of your guardian golem.
Your hound bites Harold but does no damage.
Your guardian golem is engulfed in blazing flames.
Flame seeps out of your guardian golem.
Your hound bites Harold but does no damage.
Harold hits your guardian golem with a +2 dire flail of protection.
Your guardian golem explodes!
The fiery explosion engulfs Harold!!
The fiery explosion engulfs your rat!!!
Your rat dies!
Your rat's corpse disappears in a puff of smoke!
The fiery explosion engulfs you!!!
Ouch! That really hurt!
You die...

.. # # ##+## ... ..
..######...# ...
..........##.###
...#
...........#.#.##
#..............#
##.(..####$.....#
.......@55..(.#...#
#.....h§°@....##..#
#......§r§....# ..#
#........###### .#
#...###... # ....
#.... .=. ..... ..
....... .....


You could see Harold, a friendly hound (summoned, sheltered), a friendly crimson
imp (summoned, sheltered), a friendly shadow imp (summoned, sheltered) and a
friendly quokka (summoned, sheltered).

Vanquished Creatures
  A yak (D:5)
  An adder zombie (D:5)
  A giant cockroach (D:6)
  3 goblins
  A hobgoblin (D:3)
  A quokka (D:3)
  2 bats (D:3)
  A frilled lizard (D:2)
  4 rats (D:2)
15 creatures vanquished.

Vanquished Creatures (collateral kills)
  The ghost of 2bobheroes the Shield-Bearer, an amateur OpFi (D:3)
  Menkaure (D:5)
  A black bear (D:6)
  4 lemures (D:5)
  2 bullfrogs (D:6)
  A scorpion (D:4)
  9 wights (D:6)
  A howler monkey (D:6)
  A bullfrog skeleton (D:6)
  Crazy Yiuf (D:5)
  An orc wizard (D:6)
  2 iguanas (D:6)
  Jessica (D:2)
  A worker ant (D:6)
  A hound zombie (D:6)
  A howler monkey skeleton (D:6)
  6 adders
  An adder zombie (D:6)
  3 worms (D:2)
  A dart slug (D:1)
  4 leopard geckos
  9 orcs
  3 giant cockroaches
  2 goblins (D:2)
  4 hobgoblins
  3 bats
  4 frilled lizards
  A jackal zombie (D:6)
  7 kobolds
  4 rats (D:1)
81 creatures vanquished.

Vanquished Creatures (others)
  Prince Ribbit (D:6)
  A quokka (D:4)
2 creatures vanquished.

Grand Total: 98 creatures vanquished

Notes
Turn   | Place    | Note
-------+----------+-------------------------------------------
     0 | D:1      | jlumianski the Felid Summoner began the quest for the Orb.
     0 | D:1      | Reached XP level 1. HP: 7/7 MP: 4/4
   540 | D:1      | Reached XP level 2. HP: 11/11 MP: 0/6
  1176 | D:1      | Learned a level 2 spell: Call Imp
  1781 | D:2      | Reached XP level 3. HP: 14/14 MP: 7/7
  1927 | D:2      | Noticed Jessica
  1993 | D:2      | Killed Jessica
  2301 | D:3      | Found a runed translucent gate.
  2302 | D:3      | Found a runed translucent gate.
  2303 | D:3      | Found a runed translucent gate.
  2303 | D:3      | Noticed 2bobheroes's ghost (amateur OpFi)
  2651 | D:3      | Reached XP level 4. HP: 18/18 MP: 9/9
  3619 | D:3      | Killed 2bobheroes's ghost
  3620 | D:3      | Reached skill level 5 in Summonings
  3620 | D:3      | Reached XP level 5. HP: 21/21 MP: 1/11
  3827 | D:4      | Found a staircase to the Ecumenical Temple.
  3863 | Temple   | Entered the Ecumenical Temple
  4049 | Temple   | Became a worshipper of Dithmenos the Shadowed
  4375 | D:4      | Found a white marble altar of Elyvilon.
  4634 | D:4      | Found a glowing silver altar of Zin.
  4646 | D:4      | Learned a level 3 spell: Call Canine Familiar
  4710 | D:5      | Entered Level 5 of the Dungeon
  4714 | D:5      | Noticed a lemure
  4714 | D:5      | Noticed Pikel
  4715 | D:5      | Noticed a lemure
  4716 | D:5      | Noticed a lemure
  4717 | D:5      | Noticed a lemure
  4754 | D:4      | Blown up by Pikel
  4755 | D:4      | Reached XP level 4. HP: -9/18 MP: 1/10
  4788 | D:5      | Noticed Menkaure
  4815 | D:5      | Killed Menkaure
  4816 | D:5      | Reached XP level 5. HP: 6/21 MP: 0/11
  5076 | D:5      | Noticed a yak
  5125 | D:5      | Killed a yak
  5315 | D:5      | Killed a lemure
  5396 | D:5      | Killed a lemure
  5539 | D:5      | Killed a lemure
  5722 | D:5      | Found Jacevah's Distillery.
  5731 | D:5      | Bought a potion of curing for 30 gold pieces
  5731 | D:5      | Bought 2 potions of curing for 60 gold pieces
  5765 | D:5      | Killed a lemure
  6185 | D:5      | Found Zeuro's General Store.
  6351 | D:5      | Found a runed translucent door.
  6352 | D:5      | Noticed Crazy Yiuf
  6381 | D:5      | Killed Crazy Yiuf
  6382 | D:5      | Reached skill level 6 in Summonings
  6382 | D:5      | Gained mutation: You are covered in thick fur. (AC +2)
                  | [Felid growth]
  6382 | D:5      | Reached XP level 6. HP: 24/24 MP: 1/13
  6582 | D:6      | Found a snail-covered altar of Cheibriados.
  6609 | D:6      | Found Riap's Magic Scroll Shop.
  6615 | D:6      | Bought a scroll of blinking for 97 gold pieces
  7378 | D:6      | Reached XP level 7. HP: 9/27 MP: 3/15
  7658 | D:5      | Reached skill level 5 in Spellcasting
  8113 | D:6      | Noticed Prince Ribbit
  8375 | D:6      | Reached skill level 1 in Unarmed Combat
  8841 | D:6      | Learned a level 3 spell: Summon Guardian Golem
  9080 | D:6      | Found a snail-covered altar of Cheibriados.
  9180 | D:6      | Found a glowing golden altar of the Shining One.
  9231 | D:6      | Killed Prince Ribbit
  9365 | D:7      | Slain by a bullfrog
  9366 | D:7      | Reached XP level 6. HP: -1/25 MP: 8/15
  9368 | D:7      | Noticed Harold
  9384 | D:7      | Killed by an exploding a guardian golem... exploding inner
                  | flame

Illustrated notes

Levels and vault maps discovered:
D:1:      lemuel_arrival_muddy, layout_loops_ring, st_stairs_2, hex_medium
D:2:      layout_rooms, uniq_jessica
D:3:      layout_loops_ring, gammafunk_ghost_split,
          kennysheep_decorative_pillar, supply_closet_lemuel
D:4:      layout_cave_pools, elyvilon_altar_4, kennysheep_little_box,
          minmay_temple_entry_large_hall, palyth_stone_intersect
D:5:      kennysheep_big_flooded_room, layout_basic, serial_shops,
          kennysheep_mini, nicolae_shop_stone, uniq_pikel,
          uniq_crazy_yiuf_cottage, uniq_menkaure
D:6:      layout_basic, nicolae_overflow_hidden_temple,
          nicolae_overflow_crystal_walls, serial_shops, kennysheep_mini_moat,
          basic_altar, minivault_11, uniq_prince_ribbit1
D:7:      layout_basic, grunt_temple_overflow_opulence,
          grunt_temple_overflow_octagram, trog_wizard, uniq_harold
Temple:   nicolae_temple_figure_zero

Skill      XL: |  1  2  3  4  5  6  7 |
---------------+----------------------+-----
Stealth        | 3 |  3.7
Dodging        | 3 |  3.7
Spellcasting   | 3 4 5 |  5.4
Summonings     | 5 6 |  6.8
Unarmed Combat | 1 |  1.3
Fighting       | |  0.5

Action                   |  1- 3 |  4- 6 |  7- 9 || total
-------------------------+-------+-------+-------++-------
Melee: Unarmed           |    19 |    25 |    12 ||    56
       Bite              |     1 |     3 |     2 ||     6
 Cast: Summon Small Mamm |    68 |    82 |    14 ||   164
       Call Imp          |    16 |    61 |    37 ||   114
       Call Canine Famil |       |    25 |    21 ||    46
       Summon Guardian G |       |     1 |     3 ||     4
Evoke: Wand              |       |     1 |     1 ||     2
  Use: Scroll            |     2 |     8 |       ||    10
       Potion            |     1 |     2 |       ||     3
 Stab: Sleeping          |     9 |     4 |     3 ||    16
       Distracted        |     1 |     1 |       ||     2
Armor: Skin              |     1 |     4 |       ||     5
Dodge: Dodged            |    35 |    28 |    32 ||    95
